 Dungeon Crawl Stone Soup version 0.29-a0-41-g89e12c0570 (webtiles) character file.

Game seed: 8288829860845733246

191 Grim the Twirler (level 5, 0/38 HPs)
             Began as a Mummy Gladiator on Feb 2, 2022.
             Slain by Terence (5 damage)
             ... on level 3 of the Dungeon.
             The game lasted 00:02:09 (2390 turns).

Grim the Twirler (Mummy Gladiator)                  Turns: 2390, Time: 00:02:09

Health: 0/38       AC:  5    Str: 17    XL:     5   Next: 42%
Magic:  5/5        EV: 12    Int: 10    God:
Gold:   89         SH:  0    Dex: 13    Spells: 4/4 levels left

rFire   x . .      SeeInvis .   a - +0 quarterstaff
rCold   + . .      Faith    .   (shield currently unavailable)
rNeg    + + +      Spirit   .   b - +0 leather armour
rPois   ∞          Reflect  .   c - +0 helmet
rElec   .          Harm     .   (no cloak)
rCorr   .          Rampage  .   k - +0 pair of gloves
Will    .....                   (no boots)
Stlth   +.........              (no amulet)
HPRegen 0.12/turn               (no ring)
MPRegen 0.09/turn               (no ring)

@: no status effects
A: cold resistance 1, negative energy resistance 3, torment resistance 2, heat
vulnerability 1, no potions
a: no special abilities


You were on level 3 of the Dungeon.
You visited 1 branch of the dungeon, and saw 3 of its levels.

You collected 89 gold pieces.

Inventory:

Hand Weapons
 a - a +0 quarterstaff (weapon)
Missiles
 d - 3 throwing nets (quivered)
 g - 104 stones
 i - 3 poisoned darts
Armour
 b - a +0 leather armour (worn)
 c - a +0 helmet (worn)
 k - a +0 pair of gloves (worn)
Jewellery
 m - a ring of ice
Wands
 o - a wand of polymorph (14)
Scrolls
 e - a scroll of brand weapon {unknown}
 f - 3 scrolls of teleportation {unknown}
 h - a scroll of noise {unknown}
 j - 2 scrolls of identify {unknown}
 l - a scroll of magic mapping {unknown}
 n - a scroll of enchant weapon {unknown}


   Skills:
 - Level 2.0 Fighting
 + Level 5.1 Staves
 - Level 1.5 Throwing
 - Level 2.4 Dodging


You had 4 spell levels left.
You didn't know any spells.
Your spell library contained the following spells:

 Spells                   Type           Power      Damage    Failure   Level
 Ignite Poison            Fire/Tmut/Pois 0%         N/A       80%         3
 Mephitic Cloud           Conj/Pois/Air  0%         N/A       80%         3
 Freezing Cloud           Conj/Ice/Air   0%         6-21      100%        5


Dungeon Overview and Level Annotations

Branches:
Dungeon (3/15)

Altars:
Hepliaklqana
Qazlal

Annotations:
D:3 Terence


Innate Abilities, Weirdness & Mutations

You are immune to poison.
Your flesh is cold resistant. (rC+)
You are immune to negative energy. (rN+++)
You are immune to unholy pain and torment.
You are vulnerable to heat. (rF-)
You do not drink.


Message History

You barely miss Terence.
Terence is severely wounded.
Terence misses you.
You barely miss Terence.
Terence is severely wounded.
Terence drinks a potion.
Terence is healed!
You barely miss Terence.
Terence is lightly wounded.
Terence closely misses you.
You barely miss Terence.
Terence is lightly wounded.
Terence hits you with a +2 short sword of freezing.
* * * LOW HITPOINT WARNING * * *
You hit Terence but do no damage.
Terence is lightly wounded.
Terence closely misses you.
You closely miss Terence.
Terence is lightly wounded.
Terence hits you with a +2 short sword of freezing.
* * * LOW HITPOINT WARNING * * *
You thump Terence!
Terence is heavily wounded.
Terence hits you with a +2 short sword of freezing.
* * * LOW HITPOINT WARNING * * *
Terence freezes you.
* * * LOW HITPOINT WARNING * * *
You closely miss Terence.
Terence is heavily wounded.
Terence hits you with a +2 short sword of freezing.
* * * LOW HITPOINT WARNING * * *
You sock Terence!
Terence is almost dead.
Terence hits you with a +2 short sword of freezing!
* * * LOW HITPOINT WARNING * * *
Terence freezes you.
* * * LOW HITPOINT WARNING * * *
You barely miss Terence.
Terence is almost dead.
Terence hits you with a +2 short sword of freezing.
You die...

#.#.# #. .#......#####. #.#.#
#.. ...[.#...# #. #.#.# #.#
#.......# #. #.#.# #.#
#..#.#..####. #.#.# #.#
##....†....... #.#.#
#.#.##.##.#..####.
#.#.#####.#....##.#..####.
#####..†...†.........^........
..........####@##########.#####
#######...# #@# #.# #.. #####
#.# ########.# #.# #..
.........# #.# ### ########.#
#)# #.###.# #.....# #######


You could see Terence.

Vanquished Creatures
  Sigmund (D:3)
  3 worms
  A dart slug (D:2)
  An orc (D:3)
  A ball python (D:1)
  3 endoplasms
  A giant cockroach (D:3)
  6 goblins
  3 hobgoblins (D:3)
  4 kobolds
  A quokka (D:1)
  6 bats
  2 frilled lizards (D:3)
  A rat (D:1)
34 creatures vanquished.

Notes
Turn   | Place    | Note
-------+----------+-------------------------------------------
     0 | D:1      | Grim the Mummy Gladiator began the quest for the Orb.
     0 | D:1      | Reached XP level 1. HP: 16/16 MP: 1/1
    31 | D:1      | Found a faded altar of an unknown god.
   365 | D:1      | Reached XP level 2. HP: 22/22 MP: 2/2
   373 | D:1      | Reached skill level 3 in Staves
   739 | D:2      | Found a hazy altar of Hepliaklqana.
  1391 | D:2      | Reached XP level 3. HP: 22/27 MP: 3/3
  1930 | D:3      | Found a stormy altar of Qazlal.
  2031 | D:3      | Noticed Sigmund
  2038 | D:3      | Killed Sigmund
  2039 | D:3      | Reached skill level 5 in Staves
  2039 | D:3      | Reached XP level 4. HP: 22/33 MP: 4/4
  2039 | D:3      | Reached XP level 5. HP: 26/38 MP: 5/5
  2371 | D:3      | Noticed Terence
  2390 | D:3      | Slain by Terence

Illustrated notes

Levels and vault maps discovered:
D:1:      dpeg_arrival_tiny_c, layout_rooms, dreamdust_ecumenical_altar_statues
D:2:      layout_basic, basic_altar, bh_walls_and_bars
D:3:      layout_loops_ring, mainiacjoe_overflow_brackets,
          chequers_serial_rivers_micro_b, nicolae_elevator_lobby_plus,
          uniq_sigmund, uniq_natasha, uniq_terence

Skill      XL: |  1  2  3 |
---------------+----------+-----
Staves         | 3 5 |  5.1
Fighting       | |  2.0
Throwing       | |  1.5
Dodging        | |  2.4

Action                   |  1- 3 |  4- 6 || total
-------------------------+-------+-------++-------
Melee: Quarterstaff      |    80 |    30 ||   110
Throw: Throwing net      |     1 |       ||     1
Armor: Leather armour    |    11 |     8 ||    19
Dodge: Dodged            |    52 |    14 ||    66

Table legend: (Time is in decaauts)
 A = Elapsed time spent in this place.
 B = Non-inter-level travel time spent in this place.
 C = Inter-level travel time spent in this place.
 D = Time resting spent in this place.
 E = Time spent auto-exploring this place.
 F = Levels seen in this place.
 G = Mean time per level.
                   A        B        C        D        E       F      G
               +--------+--------+--------+--------+--------+-----+--------+
         Total |   2402 |   2315 |     87 |    343 |   1691 |   3 |  800.7 |
       Dungeon |   2402 |   2315 |     87 |    343 |   1691 |   3 |  800.7 |
               +--------+--------+--------+--------+--------+-----+--------+

Top non-repeatable levels by time:
     D:2: 1182 daAuts
     D:1: 636 daAuts
     D:3: 583 daAuts
